 Dungeon Crawl Stone Soup version 0.28.0-53-g5a82cb258f (webtiles) character file.

Game seed: 86134751668669361

7717 Klatu the Covert (level 11, -3/58 HPs)
             Began as a Spriggan Delver on July 26, 2022.
             Was a High Priest of Fedhas.
             Slain by a hornet (15 damage)
             ... on level 10 of the Dungeon on July 28, 2022.
             The game lasted 02:33:04 (18097 turns).

Klatu the Covert (Spriggan Delver)                 Turns: 18097, Time: 02:33:04

Health: -3/58      AC:  5    Str: 14    XL:     11   Next: 0%
Magic:  3/3        EV: 19    Int: 22    God:    Fedhas [*****.]
Gold:   484        SH:  0    Dex: 32    Spells: 10/10 levels left

rFire   + + .      SeeInvis +   b - +9 hand axe of the Endless Expanse {vorpal, rF+ Int+5 Dex+3}
rCold   . . .      Faith    .   (no shield)
rNeg    . . .      Spirit   .   p - +2 robe of Optimism {rElec MP-9 Int+7 Dex+4}
rPois   .          Reflect  .   G - +1 hat
rElec   +          Harm     .   (no cloak)
rCorr   .          Rampage  .   (gloves unavailable)
Will    ++...                   (boots unavailable)
Stlth   +++++++...              y - amulet of regeneration
HPRegen 0.99/turn               x - ring of the Invisible Hand {Will+ Str+6 Int-2 Dex+4}
MPRegen 0.08/turn               N - ring of protection from fire

@: mighty, hasted and slowed, very quick
A: very small, no large weapons, unfitting armour, see invisible, speed 3
a: Renounce Religion, Wall of Briars, Grow Ballistomycete, Overgrow, Grow Oklob


You were on level 10 of the Dungeon.
You worshipped Fedhas.
Fedhas was extremely pleased with you.
You visited 2 branches of the dungeon, and saw 11 of its levels.
You also visited: Bailey.

You collected 484 gold pieces.

Inventory:

Hand Weapons
 a - a +0 short sword
 b - the +9 hand axe of the Endless Expanse (weapon) {vorpal, rF+ Int+5 Dex+3}
   (You found it on level 7 of the Dungeon)

   It inflicts extra damage upon your enemies.
   Int:       It affects your intelligence (+5).
   Dex:       It affects your dexterity (+3).
   rF:        It protects you from fire.
Missiles
 q - 23 boomerangs (quivered)
 s - 10 poisoned darts
 t - 5 throwing nets
Armour
 p - the +2 robe of Optimism (worn) {rElec MP-9 Int+7 Dex+4}
   (You found it on level 2 of the Dungeon)

   Int:       It affects your intelligence (+7).
   Dex:       It affects your dexterity (+4).
   rElec:     It insulates you from electricity.
   MP:        It affects your magic capacity (-9).
 G - a +1 hat (worn)
Jewellery
 x - the ring of the Invisible Hand (left hand) {Will+ Str+6 Int-2 Dex+4}
   (You found it on level 5 of the Dungeon)

   [ring of strength]

   Str:       It affects your strength (+6).
   Int:       It affects your intelligence (-2).
   Dex:       It affects your dexterity (+4).
   Will:      It increases your willpower.
 y - an amulet of regeneration (around neck)
 E - a +6 ring of intelligence
 H - a ring of protection from cold
 N - a ring of protection from fire (right hand)
Wands
 g - a wand of digging (3)
 r - a wand of iceblast (6)
 v - a wand of polymorph (6)
 M - a wand of acid (9)
Scrolls
 c - 3 scrolls of fog
 d - 3 scrolls of magic mapping
 e - 2 scrolls of fear
 h - 3 scrolls of immolation
 i - 8 scrolls of identify
 l - 5 scrolls of blinking {unknown}
 m - a scroll of brand weapon {unknown}
 n - 5 scrolls of amnesia {unknown}
 z - a scroll of enchant armour {unknown}
 B - 5 scrolls of enchant weapon {unknown}
 I - a scroll of noise {unknown}
 J - a scroll of teleportation {unknown}
 K - a scroll of acquirement
Potions
 j - a potion of curing
 k - 2 potions of might
 o - 3 potions of flight
 u - 2 potions of heal wounds {unknown}
 w - a potion of degeneration {unknown}
 A - a potion of mutation {unknown}
 C - 2 potions of lignification {unknown}
 D - a potion of cancellation {unknown}
 F - a potion of invisibility
 L - a potion of brilliance {unknown}


   Skills:
 + Level 7.3 Fighting
 - Level 12.0 Short Blades
 + Level 4.9 Axes
 - Level 2.6 Dodging
 + Level 14.4 Stealth


You had 10 spell levels left.
You didn't know any spells.
Your spell library contained the following spells:

 Spells                   Type           Power      Damage    Failure   Level
 Animate Skeleton         Necr           0%         N/A       17%         1
 Corpse Rot               Necr/Air       0%         N/A       26%         2
 Poisonous Vapours        Pois/Air       0%         N/A       26%         2
 Tukima's Dance           Hex            0%         N/A       45%         3
 Passage of Golubria      Tloc           0%         N/A       86%         4
 Alistair's Intoxication  Tmut/Pois      0%         N/A       99%         5
 Borgnjor's Vile Clutch   Necr/Erth      0%         N/A       99%         5
 Yara's Violent Unravell  Hex/Tmut       0%         3d3       99%         5
 Eringya's Noxious Bog    Tmut/Pois      0%         N/A       100%        6
 Haunt                    Necr/Summ      0%         N/A       100%        7


Dungeon Overview and Level Annotations

Branches:
Dungeon (10/15)            Temple (1/1) D:5            Lair (0/6) D:8
 Bailey (visited)
    Orc: D:9-12

Altars:
Ashenzari
Cheibriados
Dithmenos
Elyvilon
Fedhas
Gozag
Hepliaklqana
Kikubaaqudgha
Makhleb
Nemelex Xobeh
Okawaru
Qazlal
Ru
Sif Muna
Trog
Uskayaw
Vehumet
Wu Jian
Xom
Yredelemnul
Zin
The Shining One

Shops:
D:1 =

Annotations:
D:4 Duvessa
D:5 1 runed translucent door, Ioian's ghost, novice HOFi
D:9 exclusions: door, 4 hornets, ice statue, orc, 3 yaks and 1 more exclusion


Innate Abilities, Weirdness & Mutations

You are very small and have problems with some larger weapons.
You are too small for most types of armour.
You have supernaturally acute eyesight. (SInv)
You cover ground extremely quickly. (Speed+++)


Message History

The hornet stings you!
You suddenly lose the ability to move!
The hornet stings you.
You feel yourself slow down.
You can move again.
You hit the hornet.
The hornet is heavily wounded.
The hornet closely misses you. The hornet stings you.
You are poisoned.
You feel as though you will be slow longer.
You hit the hornet but do no damage.
The hornet is heavily wounded.
You feel very sick.
The hornet stings you but does no damage.
The hornet stings you!
You are more poisoned.
You shrug off the repeated paralysis!
The hornet misses you.
You hit the hornet.
The hornet is heavily wounded.
You feel very sick. The hornet stings you.
You feel as though you will be slow longer.
The hornet completely misses you.
Okay, then.
Unknown command.
Press: ? - help, v - describe, . - travel
Here: a hornet (heavily wounded)
The floor.
You feel yourself speed up.
You feel very sick. The hornet stings you.
* * * LOW HITPOINT WARNING * * *
You feel as though you will be slow longer.
The hornet stings you!
* * * LOW HITPOINT WARNING * * *
You feel as though you will be slow longer.
It was a potion of might.
You feel very mighty all of a sudden.
You feel sick. The hornet barely misses you. The hornet misses you.
It was a potion of curing.
You feel better. The hornet stings you!
You die...
Fedhas appreciates your contribution to the ecosystem.

#.....##..### #.# .. ...
#...........###.#...
#.......###.....##..#...
....#####...............
.....# #...............
......###........<####.#
...................# .
..#.............##
#..@..........#
#....y............
##<.............#.
#.............###
...............#
....#...!.......#
................
$..............


You could see a hornet.

Vanquished Creatures
  Harold (D:7)
  An orc knight (Bailey)
  Maggie (D:6)
  A komodo dragon (D:8)
  A troll (D:9)
  Sigmund (D:6)
  3 wyverns
  4 yaks
  7 water moccasins
  An ice beast (D:6)
  2 black bears (D:8)
  8 orc warriors
  2 ogres
  A hornet zombie (D:9)
  3 centaurs
  A phantom (D:6)
  A kobold brigand (D:8)
  Blork the orc (D:4)
  4 gnoll sergeants
  6 bullfrogs
  3 scorpions
  Dowan (D:4)
  2 water moccasin skeletons
  3 wights (D:8)
  3 howler monkeys
  A killer bee (D:8)
  An electric eel (D:8)
  2 centaur zombies
  A hound (D:4)
  A jelly (D:6)
  3 orc priests
  A centaur skeleton (D:4)
  4 orc wizards
  5 iguanas
  Natasha (thrice) (D:4)
  2 howler monkey zombies
  20 gnolls
  A howler monkey skeleton (D:7)
  4 adders
  A white imp (D:5)
  An adder skeleton (D:4)
  5 worms
  3 dart slugs
  27 orcs
  5 ball pythons
  3 bats
  7 endoplasms
  4 giant cockroaches
  22 goblins
  18 hobgoblins
  4 jackals (D:2)
  6 quokkas
  3 frilled lizards
  8 kobolds
  A quokka skeleton (D:4)
  3 rats
232 creatures vanquished.

Vanquished Creatures (others)
  48 fungi (D:8)
  60 plants
108 creatures vanquished.

Grand Total: 340 creatures vanquished

Notes
Turn   | Place    | Note
-------+----------+-------------------------------------------
     0 | D:5      | Klatu the Spriggan Delver began the quest for the Orb.
     0 | D:5      | Reached XP level 1. HP: 11/11 MP: 2/2
    75 | D:4      | Noticed an iguana
   102 | D:5      | Found a staircase to the Ecumenical Temple.
   110 | Temple   | Entered the Ecumenical Temple
   342 | Temple   | Became a worshipper of Fedhas Madash
   464 | D:4      | Noticed Duvessa
   770 | D:1      | Reached XP level 2. HP: 10/16 MP: 3/3
   929 | D:1      | Found Kipsogyt's Jewellery Boutique.
  2912 | D:2      | Found an iron altar of Okawaru.
  2930 | D:2      | Identified the +2 robe of Optimism {rElec MP-9 Int+7 Dex+4}
  2989 | D:2      | Reached XP level 3. HP: 16/19 MP: 0/4
  3383 | D:2      | Reached skill level 8 in Stealth
  3536 | D:2      | Reached * piety under Fedhas
  4712 | D:2      | Reached XP level 4. HP: 24/24 MP: 0/5
  4781 | D:3      | Found a faded altar of an unknown god.
  5070 | D:3      | Found an opulent altar of Gozag.
  5885 | D:3      | Reached XP level 5. HP: 19/28 MP: 0/6
  6291 | D:3      | Reached ** piety under Fedhas
  6310 | D:4      | Noticed Dowan
  6310 | D:4      | Found an ornate altar of the Wu Jian Council.
  6693 | D:4      | Noticed Blork the orc
  7092 | D:4      | Noticed Natasha
  7098 | D:4      | Killed Natasha
  7222 | D:4      | Noticed Natasha
  7272 | D:4      | Killed Natasha
  7273 | D:4      | Reached skill level 5 in Short Blades
  7477 | D:4      | Reached skill level 9 in Stealth
  7477 | D:4      | Reached XP level 6. HP: 32/32 MP: 0/7
  8305 | D:4      | Noticed Natasha
  8322 | D:4      | Killed Natasha
  8559 | D:5      | Reached XP level 7. HP: 27/37 MP: 0/8
  8792 | D:5      | Identified the ring of the Invisible Hand {Will+ Str+6
                  | Int-2 Dex+4}
  8806 | D:5      | Reached *** piety under Fedhas
  8975 | D:5      | Found a runed translucent door.
  8977 | D:5      | Noticed Ioian's ghost (novice HOFi)
  9619 | D:6      | Reached skill level 10 in Stealth
  9683 | D:6      | Noticed Maggie
  9726 | D:6      | Noticed Sigmund
  9926 | D:6      | Reached XP level 8. HP: 42/42 MP: 0/9
 10170 | D:6      | Killed Sigmund
 10275 | D:7      | Noticed Harold
 10856 | D:7      | Reached skill level 11 in Stealth
 10986 | D:7      | Reached skill level 5 in Fighting
 11040 | D:7      | Identified the +9 hand axe of the Endless Expanse {vorpal,
                  | rF+ Int+5 Dex+3}
 11062 | D:7      | Found a stormy altar of Qazlal.
 11062 | D:7      | Found a white marble altar of Elyvilon.
 11062 | D:7      | Found a glowing golden altar of the Shining One.
 11640 | D:4      | Killed Dowan
 11894 | D:4      | Reached skill level 1 in Axes
 12035 | D:4      | Killed Blork the orc
 12369 | D:6      | Reached XP level 9. HP: 47/47 MP: 1/10
 12721 | D:7      | Killed Harold
 12722 | D:7      | Reached skill level 12 in Stealth
 12988 | D:8      | Noticed a komodo dragon
 13096 | D:8      | Reached skill level 10 in Short Blades
 13231 | D:8      | Noticed a skeletal warrior
 13242 | D:8      | Noticed a skeletal warrior
 13242 | D:8      | Noticed a skeletal warrior
 13348 | D:8      | Reached **** piety under Fedhas
 13492 | D:9      | Found a flagged portal.
 13519 | Bailey   | Entered a bailey
 13598 | Bailey   | Noticed an orc knight
 14229 | Bailey   | Identified the +1 plate armour of the Okapi {+Blink Str-2
                  | SInv Stlth+}
 14586 | Bailey   | Killed an orc knight
 14587 | Bailey   | Reached XP level 10. HP: 53/53 MP: 2/11
 14655 | Bailey   | Reached skill level 13 in Stealth
 14710 | Bailey   | Noticed an orc knight
 14754 | Bailey   | Noticed an orc knight
 15069 | Bailey   | Noticed an orc warlord
 15224 | Bailey   | Got Sif Muna's Guide on Black Rites and Contamination
 15739 | D:8      | Noticed a skeletal warrior
 15762 | D:9      | Reached ***** piety under Fedhas
 16481 | D:8      | Found a shimmering altar of Xom.
 16482 | D:8      | Found a glowing silver altar of Zin.
 16483 | D:8      | Found a broken altar of Ashenzari.
 16483 | D:8      | Found an ancient bone altar of Kikubaaqudgha.
 16590 | D:6      | Killed Maggie
 16774 | D:8      | Reached skill level 14 in Stealth
 16888 | D:8      | Found a staircase to the Lair.
 17237 | D:9      | Noticed a two-headed ogre
 17632 | D:9      | Identified the +3 robe "Upirgh" {rC+++ Str+5 Int-4}
 17664 | D:9      | Noticed an ice statue
 17820 | D:9      | Reached XP level 11. HP: 58/58 MP: 3/12
 18058 | D:10     | Entered Level 10 of the Dungeon
 18091 | D:10     | Paralysed by a hornet for 1 turns
 18097 | D:10     | Slain by a hornet

Illustrated notes

Levels and vault maps discovered:
D:1:      dpeg_arrival_tiny_k, layout_basic, serial_shops, shop,
          minmay_tree_intersection, minmay_vboxes
D:2:      layout_basic, basic_altar, chequers_serial_rivers_small_a
D:3:      layout_rooms, grunt_gozag_statues,
          dreamdust_ecumenical_altar_angels_and_demons, minmay_statues_item,
          kennysheep_decorative_pillar
D:4:      minmay_inner_zag, layout_loops_ring, overflow_temple_1_default,
          uniq_duvessa, uniq_natasha, uniq_blork_the_orc
D:5:      layout_loops_ring, minmay_temple_entry_crystal_x,
          ebering_ghost_inner_flame
D:6:      layout_cave_pools, uniq_maggie, uniq_sigmund
D:7:      layout_basic, gammafunk_temple_overflow_claw, uniq_harold
D:8:      layout_gridville, mainiacjoe_overflow_alcove_3,
          due_lair_maze_entry_diamond, kennysheep_dice
D:9:      layout_basic, enter_bailey_4, roderic_serpentine_path, minivault_15,
          serial_bayou_pond_d
D:10:     layout_cave_pools, orc_0_dummy
Temple:   nicolae_temple_figure_eight

Skill      XL: |  1  2  3  4  5  6  7  8  9 10 |
---------------+-------------------------------+-----
Short Blades   | 4 5 6 7 9 10 12 | 12.0
Stealth        | 8 9 10 11 12 14 | 14.4
Fighting       | 3 4 5 6 7 |  7.3
Axes           | 1 3 4 |  4.9
Dodging        | |  2.6

Action                   |  1- 3 |  4- 6 |  7- 9 | 10-12 || total
-------------------------+-------+-------+-------+-------++-------
Melee: Short sword       |   163 |    42 |    33 |    15 ||   253
       Punch             |     4 |     1 |     5 |     8 ||    18
       War axe           |    54 |    25 |       |       ||    79
       Morningstar       |       |    71 |    38 |       ||   109
       Hand axe          |       |       |   182 |   256 ||   438
Throw: Boomerang         |       |    12 |   125 |     2 ||   139
       Dart              |       |     6 |       |     3 ||     9
  Use: Scroll            |       |       |       |     1 ||     1
       Potion            |       |       |       |     3 ||     3
 Stab: Sleeping          |    11 |    17 |    18 |     7 ||    53
       Distracted        |       |     1 |     1 |     5 ||     7
Armor: Robe              |    26 |    11 |    16 |    26 ||    79
Dodge: Dodged            |   144 |   106 |   173 |   212 ||   635
